 Dungeon Crawl Stone Soup version 0.29.1-14-g9c671dbff4 (webtiles) character file.

Game seed: 12313016542770853325

4 Heoruswealwe the Caller (level 1, -3/10 HPs)
             Began as a Deep Elf Summoner on Feb 16, 2023.
             Slain by a hobgoblin (4 damage)
             ... on level 1 of the Dungeon.
             The game lasted 00:01:44 (123 turns).

Heoruswealwe the Caller (Deep Elf Summoner)          Turns: 123, Time: 00:01:45

Health: -3/10      AC:  2    Str:  5    XL:     1   Next: 58%
Magic:  3/6        EV: 12    Int: 19    God:
Gold:   0          SH:  0    Dex: 15    Spells: 5/6 levels left

rFire   . . .      SeeInvis .   (no weapon)
rCold   . . .      Faith    .   (no shield)
rNeg    . . .      Spirit   .   a - +0 robe
rPois   .          Reflect  .   (no helmet)
rElec   .          Harm     .   (no cloak)
rCorr   .          Rampage  .   (no gloves)
Will    .....                   (no boots)
Stlth   ++........              (no amulet)
HPRegen 0.03/turn               (no ring)
MPRegen 0.10/turn               (no ring)

@: no status effects
A: no striking features
a: no special abilities


You were on level 1 of the Dungeon.
You visited 1 branch of the dungeon, and saw 1 of its levels.

Inventory:

Armour
 a - a +0 robe (worn)
Scrolls
 e - a scroll of noise {unknown}
 f - a scroll of teleportation {unknown}
Potions
 b - 2 potions of magic
 c - a potion of degeneration {unknown}
 d - a potion of curing {unknown}


   Skills:
 + Level 0.0 Fighting
 + Level 0.0 Long Blades
 + Level 2.4 Dodging
 + Level 2.4 Stealth
 * Level 3.0 Spellcasting
 + Level 0.0 Conjurations
 + Level 0.1 Hexes
 * Level 4.4 Summonings
 + Level 0.0 Necromancy
 + Level 0.0 Translocations
 + Level 0.0 Transmutations
 + Level 0.3 Fire Magic
 + Level 0.0 Ice Magic
 + Level 0.0 Air Magic
 + Level 0.0 Earth Magic
 + Level 0.0 Poison Magic
 + Level 0.0 Invocations
 + Level 0.0 Evocations


You had 5 spell levels left.
You knew the following spells:

 Your Spells              Type           Power      Damage    Failure   Level
a - Summon Small Mammal   Summ           76%        N/A       2%          1

Your spell library contained the following spells:

 Spells                   Type           Power      Damage    Failure   Level
 Call Imp                 Summ           19%        N/A       3%          2
 Call Canine Familiar     Summ           19%        N/A       8%          3
 Summon Guardian Golem    Hex/Summ       11%        N/A       19%         3
 Summon Lightning Spire   Summ/Air       11%        N/A       52%         4


Dungeon Overview and Level Annotations

Branches:
Dungeon (1/15)

Altars:


Message History

Your quokka bites the ball python!
The ball python dies!
You swap places.
A hobgoblin comes into view.
The hobgoblin shouts!
You swap places.
Your quokka misses the hobgoblin.
Your quokka closely misses the hobgoblin.
A goblin comes into view. It is wielding a +0 club.
Your quokka bites the hobgoblin.
The hobgoblin misses you.
Your quokka bites the hobgoblin but does no damage.
The hobgoblin barely misses you.
Your quokka closely misses the hobgoblin.
The hobgoblin hits you but does no damage.
Your quokka barely misses the hobgoblin.
Your quokka closely misses the hobgoblin.
The hobgoblin closely misses you.
Your quokka bites the hobgoblin.
The hobgoblin hits you.
Your quokka closely misses the hobgoblin.
The hobgoblin hits you.
Your quokka disappears in a puff of smoke!
The hobgoblin barely misses you.
Casting: Summon Small Mammal (safe; 2% risk of failure)
Confirm with . or Enter, or press ? or * to list all spells.
The hobgoblin closely misses you.
Casting: Summon Small Mammal (safe; 2% risk of failure)
Confirm with . or Enter, or press ? or * to list all spells.
Your bat hits the goblin.
Your bat closely misses the hobgoblin.
Your bat hits the hobgoblin but does no damage.
The hobgoblin hits you.
* * * LOW HITPOINT WARNING * * *
Your bat hits the hobgoblin but does no damage.
Your bat completely misses the goblin.
Your bat barely misses the hobgoblin.
You swap places.
Your bat closely misses the hobgoblin.
Your bat hits the goblin. The goblin closely misses your bat.
Your bat closely misses the goblin.
Your bat hits the hobgoblin.
Casting: Summon Small Mammal (safe; 2% risk of failure)
Confirm with . or Enter, or press ? or * to list all spells.
Your bat disappears in a puff of smoke!
Your bat completely misses the goblin.
The hobgoblin hits you.
You die...

#...# #.....##
#...# ###...#
#...# ###.###
#...# #.....#
#...###.....#
#...#.......#
#.....#######
#.§r....#
#####g@.....#
#..g.b##....#
#....######....#
....### ######
###


You could see a hobgoblin (ally target), a goblin (ally target), a friendly
quokka (summoned) and a friendly bat (summoned).

Vanquished Creatures (collateral kills)
  A dart slug (D:1)
  A hobgoblin (D:1)
  A ball python (D:1)
3 creatures vanquished.

Notes
Turn   | Place    | Note
-------+----------+-------------------------------------------
     0 | D:1      | Heoruswealwe the Deep Elf Summoner began the quest for the
                  | Orb.
     0 | D:1      | Reached XP level 1. HP: 10/10 MP: 6/6
   123 | D:1      | Slain by a hobgoblin

Illustrated notes

Levels and vault maps discovered:
D:1:      scummos_arrival_checkerplants, layout_basic,
          ebering_ecumenical_altar_rust

Action                   || total
-------------------------++-------
 Cast: Summon Small Mamm ||     7
Armor: Robe              ||     1
Dodge: Dodged            ||     5
